Map: King's Cove LE

Players

BratOK (Brat_OK)

  • Race: Terran Terran
  • Spawn Location: 5:00

Creed - Winner!

  • Race: Terran Terran
  • Spawn Location: 11:00

Event: 2019 WCS Summer

VOD

Have the link to the VOD?

Description

Time

  • Played on: July 12, 2019, 11:25 a.m.
  • Length: 9:30

All games in this series

Show
View Real Time Build Order
Export as new Build Order

BratOK Terran 

Build Orders: 1/1/1, Liberator Opening, Mech 

Get SALT Encoding   

  12  0:00  SCV  
  13  0:12  SCV  
  14  0:17  Supply Depot  
  14  0:25  SCV  
  15  0:30  Refinery  
  15  0:39  SCV  
  16  0:45  Barracks  
  16  0:51  SCV  
  16  0:55  Refinery  
  17  1:03  SCV  
  18  1:15  SCV  
  19  1:32  Orbital Command, Reaper  
  20  1:37  Factory  
  20  1:47  Supply Depot  
  20  1:58  SCV  
  21  2:04  Reaper  
  22  2:10  SCV  
  23  2:21  Starport  
  25  2:23  Hellion  
  25  2:25  Supply Depot  
  25  2:27  SCV  
  26  2:36  Reaper  
  27  2:41  SCV  
  27  2:42  Liberator  
  30  2:44  Hellion  
  30  2:56  Supply Depot  
  30  3:03  SCV  
  34  3:06  Hellion  
  34  3:09  Barracks Tech Lab  
  36  3:15  SCV  
  37  3:34  Command Center  
  37  3:42  Cyclone  
  40  3:49  Viking  
  40  3:53  Supply Depot  
  42  3:56  SCV  
  42  3:59  Barracks Reactor  
  41  4:13  SCV  
  41  4:15  Cyclone  
  38  4:39  Marine x2, Mag-Field Accelerator  
  38  4:40  SCV  
  38  4:41  Factory  
  41  4:52  Cyclone  
  42  4:56  SCV  
  42  4:58  Orbital Command  
  43  5:12  Marine x2  
  42  5:14  SCV  
  43  5:24  Cyclone  
  43  5:25  SCV  
  43  5:26  SCV  
  44  5:37  SCV  
  44  5:38  SCV  
  45  5:49  Starport Reactor, SCV  
  46  5:50  SCV  
  46  5:51  Command Center  
  49  5:57  Widow Mine x2  
  49  6:01  SCV  
  49  6:02  SCV  
  53  6:13  Siege Tank, SCV  
  53  6:14  SCV  
  58  6:24  Hellion  
  60  6:25  SCV  
  60  6:27  SCV  
  62  6:36  Factory  
  62  6:37  Barracks Tech Lab  
  62  6:38  SCV  
  62  6:39  SCV  
  64  6:43  Supply Depot  
  64  6:50  SCV  
  64  6:51  SCV  
  64  6:52  Viking  
  68  6:54  Refinery  
  68  6:57  Refinery  
  67  7:02  SCV  
  67  7:03  SCV  
  67  7:08  SCV  
  60  7:14  SCV  
  60  7:15  SCV  
  59  7:16  Siege Tank, Hellion x2  
  66  7:26  SCV  
  64  7:32  SCV  
  58  7:38  SCV  
  53  7:44  SCV  
  54  8:00  SCV x2  
  54  8:04  Hellion  
  58  8:21  Orbital Command, Cyclone  
  58  8:22  SCV x2  
  63  8:37  Hellion, Cyclone  
  63  8:39  SCV x2  
  69  8:51  SCV  
  69  8:54  Cyclone  
  73  8:58  SCV x2  
  73  9:08  SCV  
  74  9:10  SCV  
Show
View Real Time Build Order
Export as new Build Order

Creed Terran - Winner!

Build Orders:  

Get SALT Encoding   

  12  0:00  SCV  
  13  0:12  SCV  
  14  0:18  Supply Depot  
  14  0:25  SCV  
  15  0:29  Refinery  
  15  0:39  SCV  
  16  0:46  Barracks  
  16  0:51  SCV  
  16  0:56  Refinery  
  17  1:03  SCV  
  18  1:16  SCV  
  19  1:32  Orbital Command  
  19  1:33  Reaper  
  19  1:39  Factory  
  20  1:47  Supply Depot  
  20  1:57  SCV  
  21  2:05  Reaper  
  22  2:10  SCV  
  23  2:22  Hellion  
  25  2:29  Command Center  
  25  2:32  SCV  
  25  2:36  Supply Depot  
  26  2:38  Reaper  
  26  2:44  Hellion  
  29  2:47  SCV  
  30  2:54  Starport  
  30  2:59  SCV  
  30  3:05  Hellion  
  33  3:12  SCV  
  34  3:15  Barracks Reactor  
  34  3:24  SCV  
  34  3:26  Factory Tech Lab  
  35  3:30  Viking  
  37  3:36  SCV  
  38  3:41  Orbital Command  
  38  3:47  Siege Tank  
  38  3:48  SCV  
  42  3:54  Marine x2  
  44  4:00  Viking, SCV  
  47  4:10  SCV  
  47  4:12  SCV  
  49  4:23  SCV  
  50  4:36  SCV  
  50  4:37  SCV  
  50  4:40  Siege Tank  
  53  4:54  SCV  
  54  5:00  Supply Depot  
  54  5:21  Marine x2  
  54  5:22  Siege Tank, Viking, SCV  
  54  5:27  SCV  
  61  5:35  Liberator  
  56  5:36  SCV  
  56  5:38  Marine x2  
  56  5:39  SCV  
  56  5:43  Barracks  
  56  5:44  Barracks  
  56  5:45  Command Center  
  56  5:49  SCV  
  57  5:51  SCV  
  57  5:54  Engineering Bay  
  57  5:57  Refinery x2  
  61  6:01  Supply Depot x2  
  61  6:07  SCV  
  62  6:20  SCV  
  62  6:22  Siege Tank  
  65  6:26  Command Center  
  65  6:27  Marine x2  
  65  6:30  SCV  
  65  6:31  Barracks Tech Lab x2  
  65  6:32  SCV  
  69  6:33  Terran Infantry Weapons Level 1  
  69  6:36  Starport Reactor  
  69  6:42  SCV  
  69  6:44  Marine, SCV  
  69  6:45  Marine  
  73  6:49  Stimpack  
  73  6:50  Combat Shield, Marine x2  
  73  6:52  Supply Depot  
  73  6:53  Supply Depot  
  73  7:02  Marine  
  73  7:10  SCV x2  
  73  7:15  Marine x2  
  77  7:18  Barracks  
  77  7:19  Barracks  
  76  7:28  SCV x2  
  78  7:30  Marauder, Marine  
  78  7:32  Siege Tank  
  78  7:34  Medivac x2  
  86  7:48  SCV x2  
  86  7:51  Marine x2  
  83  7:52  Marauder x2  
  83  7:55  Orbital Command  
  89  8:00  SCV  
  89  8:04  Medivac x2  
  94  8:07  Barracks Tech Lab x2  
  94  8:11  Marine x2  
  96  8:19  Orbital Command  
  96  8:21  Concussive Shells, Marauder  
  96  8:23  SCV x2  
  96  8:25  Supply Depot x2  
  96  8:26  Supply Depot  
  100  8:30  Marauder x3  
  100  8:33  Siege Tank  
  109  8:46  Marine x3  
  112  8:51  Marauder  
  118  9:03  SCV x3  
  118  9:06  Marauder, Marine  
  123  9:13  Missile Turret  
  123  9:15  SCV x3  
Tags
 
Add a new tag
Caveats
  • Supply blocks, unpowered buildings, or Contaminate may cause inaccurate times.
  • Supply counts are checked every 10 seconds.